 Dungeon Crawl Stone Soup version 0.29-a0-341-g24ffce5b50 (webtiles) character file.

Game seed: 8307033153721064427

387 pokeman the Magician (level 6, -4/34 HPs)
             Began as a Deep Elf Hedge Wizard on Apr 19, 2022.
             Killed by nerve-wracking pain
             ... invoked by Menkaure
              (10 damage)
             ... on level 4 of the Dungeon on Apr 20, 2022.
             The game lasted 00:12:53 (4334 turns).

pokeman the Magician (Deep Elf Hedge Wizard)        Turns: 4334, Time: 00:12:53

Health: -4/34      AC:  4    Str:  7    XL:     6   Next: 49%
Magic:  4/17       EV: 12    Int: 27    God:
Gold:   137        SH:  0    Dex: 14    Spells: 6/17 levels left

rFire   . . .      SeeInvis .   s - +2 dagger (venom)
rCold   . . .      Faith    .   (no shield)
rNeg    . . .      Spirit   .   f - +0 leather armour
rPois   +          Reflect  .   c - +0 hat
rElec   .          Harm     .   (no cloak)
rCorr   .          Rampage  .   b - +0 pair of gloves
Will    .....                   (no boots)
Stlth   ++........              l - amulet of the acrobat
HPRegen 0.11/turn               m - ring of poison resistance
MPRegen 0.15/turn               p - +6 ring of intelligence

@: no status effects
A: no striking features
a: no special abilities


You were on level 4 of the Dungeon.
You visited 1 branch of the dungeon, and saw 4 of its levels.

You collected 137 gold pieces.

Inventory:

Hand Weapons
 s - a +2 dagger of venom (weapon)
Armour
 b - a +0 pair of gloves (worn)
 c - a +0 hat (worn)
 f - a +0 leather armour (worn)
Magical Staves
 t - a staff of death
Jewellery
 l - an amulet of the acrobat (around neck)
 m - a ring of poison resistance (left hand)
 p - a +6 ring of intelligence (right hand)
Scrolls
 g - 4 scrolls of identify {unknown}
 i - a scroll of torment {unknown}
 n - 2 scrolls of enchant armour {unknown}
 q - a scroll of teleportation {unknown}
 r - a scroll of blinking {unknown}
 u - a scroll of fog {unknown}
Potions
 a - a potion of haste {unknown}
 d - a potion of magic
 e - 4 potions of curing {unknown}
 h - 2 potions of resistance {unknown}
 j - a potion of heal wounds {unknown}
 k - 2 potions of ambrosia {unknown}
 o - a potion of brilliance {unknown}
 v - 2 potions of degeneration {unknown}
 w - a potion of might {unknown}


   Skills:
 - Level 1.0 Fighting
 - Level 1.0 Armour
 - Level 3.0 Dodging
 + Level 2.9 Stealth
 * Level 6.4 Spellcasting
 + Level 4.8 Conjurations
 - Level 1.1 Summonings
 + Level 0.1 Necromancy
 - Level 1.1 Translocations
 - Level 1.0 Fire Magic
 - Level 1.0 Air Magic


You had 6 spell levels left.
You knew the following spells:

 Your Spells              Type           Power      Damage    Failure   Level
a - Magic Dart            Conj           100%       1d8       1%          1
b - Mephitic Cloud        Conj/Pois/Air  19%        N/A       12%         3
c - Call Imp              Summ           14%        N/A       9%          2
d - Blink                 Tloc           28%        N/A       9%          2
e - Conjure Flame         Conj/Fire      24%        6-21      9%          3

Your spell library contained the following spells:

 Spells                   Type           Power      Damage    Failure   Level
 Slow                     Hex            32%        N/A       9%          1
 Corpse Rot               Necr/Air       22%        N/A       11%         2
 Ignite Poison            Fire/Tmut/Pois 10%        N/A       24%         3
 Sticky Flame             Conj/Fire      24%        2d5       26%         4
 Dispel Undead            Necr           9%         3d8       63%         4
 Death Channel            Necr           4%         N/A       100%        6


Dungeon Overview and Level Annotations

Branches:
Dungeon (4/15)
 Temple: D:4-7

Altars:

Shops:
D:3 [

Annotations:
D:4 Menkaure


Message History

Your crimson imp hits the scorpion but does no damage.
Found a ring mail.
You feel sick.
A quokka comes into view.
Your crimson imp hits the scorpion but does no damage.
You swap places.
You feel sick.
You are no longer poisoned.
Menkaure hits your crimson imp.
A goblin and a dart slug come into view.
The goblin is wielding a +1 dagger of draining.
The scorpion stings the dart slug!
Menkaure gestures at you while chanting.
Pain shoots through your body!
* * * LOW HITPOINT WARNING * * *
2 goblins come into view.
The goblin shouts!
You hear a shout! x2
The scorpion closely misses your crimson imp.
A hobgoblin comes into view.
Your crimson imp hits the scorpion.
You feel stable enough to blink again.
Your magical contamination has completely faded away.
Something stings Menkaure.
Casting: Blink (safe; 9% risk of failure)
Confirm with . or Enter, or press ? or * to list all spells.
A beastly little devil appears in a puff of flame.
Menkaure hits your crimson imp.
Something stings the goblin!
The goblin is killed!
Menkaure calls on the powers of darkness!
The quokka convulses!
Your body is wracked with pain!
* * * LOW HITPOINT WARNING * * *
The goblin convulses!
The hobgoblin convulses!
Menkaure hits your crimson imp!!
Your crimson imp dies!
Your crimson imp disappears in a puff of smoke!
Something stings the quokka.
Casting: Call Imp (safe; 9% risk of failure)
Confirm with . or Enter, or press ? or * to list all spells.
A beastly little devil appears in a puff of frigid air.
Menkaure gestures at you while chanting.
Pain shoots through your body!
You die...

.........>#
#.........#
#...[.r.gg# #.
#...srw#
#..###)ยง#.#
##.....5M#M#
.........#.#
.######.##.#
####.##@##.#
#....5.....# #
#....##.####
##.###..####.#
........####.#
##...........#
#..###.######
#.. #.# #. #.#


You could see Menkaure (fast, ally target), a dart slug, a quokka, a hobgoblin,
a goblin and a friendly white imp (summoned).

Vanquished Creatures
  Sigmund (D:3)
  An orc priest (D:3)
  An orc wizard (D:3)
  4 gnolls (D:3)
  6 adders
  A dart slug (D:1)
  8 orcs (D:3)
  6 ball pythons
  5 endoplasms
  2 giant cockroaches
  5 hobgoblins
  2 quokkas
  10 bats
  4 goblins
  8 kobolds
  5 rats
69 creatures vanquished.

Notes
Turn   | Place    | Note
-------+----------+-------------------------------------------
     0 | D:1      | pokeman the Deep Elf Hedge Wizard began the quest for the
                  | Orb.
     0 | D:1      | Reached XP level 1. HP: 10/10 MP: 7/7
   416 | D:1      | Reached XP level 2. HP: 7/16 MP: 1/9
  1065 | D:1      | Found a faded altar of an unknown god.
  1571 | D:2      | Reached skill level 5 in Spellcasting
  1571 | D:2      | Reached XP level 3. HP: 20/20 MP: 5/11
  1575 | D:2      | Learned a level 3 spell: Mephitic Cloud
  1578 | D:2      | Learned a level 2 spell: Call Imp
  1581 | D:2      | Learned a level 2 spell: Blink
  1585 | D:2      | Learned a level 3 spell: Conjure Flame
  2122 | D:2      | Reached skill level 1 in Armour
  2218 | D:2      | Reached skill level 1 in Fighting
  2607 | D:2      | Reached XP level 4. HP: 25/25 MP: 10/13
  3166 | D:3      | Reached skill level 1 in Fire Magic
  3337 | D:3      | Found Qaol's Armour Shop.
  3494 | D:3      | Reached skill level 6 in Spellcasting
  3545 | D:3      | Reached XP level 5. HP: 29/29 MP: 8/15
  3790 | D:3      | Upgraded the game from 0.29-a0-340-g6efceafd81 to
                  | 0.29-a0-341-g24ffce5b50
  3955 | D:3      | Reached skill level 1 in Air Magic
  3972 | D:3      | Noticed Sigmund
  3978 | D:3      | Killed Sigmund
  3979 | D:3      | Reached XP level 6. HP: 28/34 MP: 6/17
  4315 | D:4      | Noticed Menkaure
  4334 | D:4      | Killed from afar by Menkaure

Illustrated notes

Levels and vault maps discovered:
D:1:      minmay_arrival_stair_chambers, layout_loops_cross,
          shapermc_ecumenical_altar_mp_vishouse, serial_park_tiny_2
D:2:      layout_basic
D:3:      minmay_recursive_quarters, layout_basic, serial_shops,
          nicolae_diamond_shop, chequers_serial_rivers_marsh, minivault_11,
          uniq_sigmund
D:4:      layout_loops_ring, minmay_fractal_squares_diagonal_5, uniq_pikel,
          uniq_crazy_yiuf_cottage, uniq_robin, uniq_menkaure

Skill      XL: |  1  2  3  4  5 |
---------------+----------------+-----
Spellcasting   | 5 6 |  6.4
Armour         | 1 |  1.0
Fighting       | 1 |  1.0
Conjurations   | 2 4 |  4.8
Fire Magic     | 1 |  1.0
Dodging        | 3 |  3.0
Air Magic      | 1 |  1.0
Stealth        | |  2.9
Summonings     | |  1.1
Necromancy     | |  0.1
Translocations | |  1.1

Action                   |  1- 3 |  4- 6 || total
-------------------------+-------+-------++-------
Melee: Hand axe          |     3 |       ||     3
       Flail             |       |     3 ||     3
       Dagger            |       |    27 ||    27
       Punch             |       |     1 ||     1
 Cast: Magic Dart        |    81 |    67 ||   148
       Mephitic Cloud    |       |     8 ||     8
       Conjure Flame     |       |     2 ||     2
       Call Imp          |       |     3 ||     3
       Blink             |       |     1 ||     1
 Stab: Sleeping          |     1 |       ||     1
       Confused          |       |     2 ||     2
Armor: Leather armour    |     8 |     6 ||    14
Dodge: Dodged            |    13 |    23 ||    36

Table legend: (Time is in decaauts)
 A = Elapsed time spent in this place.
 B = Non-inter-level travel time spent in this place.
 C = Inter-level travel time spent in this place.
 D = Time resting spent in this place.
 E = Time spent auto-exploring this place.
 F = Levels seen in this place.
 G = Mean time per level.
                   A        B        C        D        E       F      G
               +--------+--------+--------+--------+--------+-----+--------+
         Total |   4338 |   4222 |    116 |    101 |   3647 |   4 | 1084.5 |
       Dungeon |   4338 |   4222 |    116 |    101 |   3647 |   4 | 1084.5 |
               +--------+--------+--------+--------+--------+-----+--------+

Top non-repeatable levels by time:
     D:2: 1640 daAuts
     D:3: 1398 daAuts
     D:1: 1217 daAuts
     D:4: 82 daAuts
